 Dungeon Crawl Stone Soup version 0.31.0-9-g3a7656b989 (webtiles) character file.

Game seed: 3114029636322961729

23 qw the Shooter (level 2, 0/14 HPs)
             Began as a Spriggan Hunter on Feb 2, 2024.
             Succumbed to their own poison gas
             ... on level 1 of the Dungeon.
             The game lasted 00:00:01 (557 turns).

qw the Shooter (Spriggan Hunter)                     Turns: 557, Time: 00:00:02

Health: 0/14       AC:  2    Str:  7    XL:     2   Next: 75%
Magic:  3/3        EV: 19    Int: 10    God:
Gold:   87         SH:  0    Dex: 18    Spells: 1/1 levels left

rFire   . . .        a - +0 shortbow
rCold   . . .        (shield currently unavailable)
rNeg    . . .        c - +0 robe
rPois   .            (helmet restricted)
rElec   .            (no cloak)
rCorr   .            (gloves unavailable)
SInv    +            (boots unavailable)
Will    .....        (no amulet)
Stlth   ++           (no ring)
HPRegen 0.22/turn    (no ring)
MPRegen 0.08/turn

%: no passive effects
@: lethally poisoned (0 -> -2), very quick
A: very small, no large weapons, unfitting armour, see invisible, speed 3
a: no special abilities


You were on level 1 of the Dungeon.
You visited 1 branch of the dungeon, and saw 1 of its levels.

You collected 87 gold pieces.


Innate Abilities, Weirdness & Mutations

You are very small and have problems with some larger weapons.
You are too small for most types of armour.
You have supernaturally acute eyesight. (SInv)
You cover ground extremely quickly. (Speed+++)


   Skills:
 - Level 1.5 Fighting
 + Level 4.2 Ranged Weapons
 - Level 4.0 Dodging
 - Level 1.5 Stealth


You had one spell level left.
You didn't know any spells.
Your spell library was empty.

Inventory:

Hand Weapons
 a - a +0 shortbow (weapon)
Armour
 c - a +0 robe (worn)

Dungeon Overview and Level Annotations

Branches:
Dungeon (1/15)

Altars:


Message History

546 ||| IDENTIFYING black potion;
d - a potion of attraction Done exploring.
547 ||| READING scroll labelled LYDGHE XUKOUDD.
As you read the scroll labelled LYDGHE XUKOUDD, it dissolves into smoke.
It was a scroll of fog.
Done exploring.
548 ||| DROPPING scroll of butterflies.
You drop a scroll of butterflies.
Done exploring.
549 ||| DROPPING potion of attraction.
You drop a potion of attraction.
Done exploring.
What level of the Dungeon? (default 1, ? - help) Sorry, I don't know how to get there.
Enter note:
Enter note:
Enter note:
Enter note:
Enter note:
Enter note:
Enter note:
Enter note:
Enter note: You are engulfed in poison gas.
You are poisoned.
You feel sick.
551 ||| Stepping ~*~*~tactically~*~*~ (cloud).
You feel sick.
Things that are here:
a potion of attraction; a scroll of butterflies
There is a lethal amount of poison in your body!
You feel sick.
There is a lethal amount of poison in your body!
You feel sick.
There is a lethal amount of poison in your body!
You feel sick.
There is a lethal amount of poison in your body!
You feel sick.
There is a lethal amount of poison in your body!
You feel sick.
There is a lethal amount of poison in your body!
You die...

#.........># #.......##
##0¤0.0.0¤## ##......#.
##¤0.0.00.## ##...#...
#¤..¤0¤..0# ##..####
#00.0..0..# #.####.
#¤¤¤00.0.¤# ######......
#....00¤.¤###0......###.
#.000¤000.00..##..(####.
#00.¤.¤@0¤###.#.>####...
#0¤0.%¤000# #....# #...
#0%.¤¤000.# ##...# #...
#0000.¤000# #...# #...
#0...00..0# ##### ####
##..00000## ##0¤000##
#######


There were no monsters in sight!

Vanquished Creatures
  2 dart slugs (D:1)
  3 bats (D:1)
  3 endoplasms (D:1)
  2 giant cockroaches (D:1)
  2 hobgoblins (D:1)
  3 frilled lizards (D:1)
  A goblin (D:1)
  3 rats (D:1)
19 creatures vanquished.

Notes
Turn   | Place    | Note
-------+----------+-------------------------------------------
     0 | D:1      | qw the Spriggan Hunter began the quest for the Orb.
     0 | D:1      | Reached XP level 1. HP: 10/10 MP: 2/2
     0 | D:1      | 0 ||| qw: Version: 0.3-a-155-g5e7d8dd
     0 | D:1      | 0 ||| qw: Game counter: 912
     0 | D:1      | 0 ||| qw: Melee chars always use a shield: true
     0 | D:1      | 0 ||| qw: God list: Okawaru
     0 | D:1      | 0 ||| qw: Allow faded altars: false
     0 | D:1      | 0 ||| qw: Do Orc after clearing Dungeon:15 true
     0 | D:1      | 0 ||| qw: Do second Lair branch before Depths: true
     0 | D:1      | 0 ||| qw: Lair rune preference: random
     0 | D:1      | 0 ||| qw: Goals: Normal
     0 | D:1      | 0 ||| PLANNING D:1-11
    80 | D:1      | Reached skill level 3 in Dodging
   104 | D:1      | Reached XP level 2. HP: 14/14 MP: 3/3
   544 | D:1      | 544 ||| READING scroll labelled MYSKIUHEAP.
   545 | D:1      | 545 ||| READING scroll labelled FERCHA SUPE.
   546 | D:1      | 546 ||| READING scroll labelled ANE RIVIAFOOH.
   546 | D:1      | 546 ||| IDENTIFYING black potion
   547 | D:1      | 547 ||| READING scroll labelled LYDGHE XUKOUDD.
   548 | D:1      | 548 ||| DROPPING scroll of butterflies.
   549 | D:1      | 549 ||| DROPPING potion of attraction.
   551 | D:1      | 551 ||| Stepping ~*~*~tactically~*~*~ (cloud).
   554 | D:1      | HP: 2/14 [poisoned by you (poison gas)]
   557 | D:1      | Succumbed to their own poison gas

Levels and vault maps discovered:
D:1:      minmay_arrival_split_and_join, layout_rooms

Skill      XL: |  1  2 |
---------------+-------+-----
Dodging        | 3 4 |  4.0
Fighting       | |  1.5
Ranged Weapons | |  4.2
Stealth        | |  1.5

Action                     || total
---------------------------++-------
   Fire: Shortbow          ||    61
    Use: Scroll            ||     4
 Armour: Robe              ||     8
  Dodge: Dodged            ||    20

Table legend:
 A = Non-vault XP
 B = Vault XP
 C = Vault XP percentage of total XP
 D = Non-vault monster count
 E = Vault monster count
 F = Vault count percentage of total count
                 A         B        C        D         E       F
            +---------+---------+-------+---------+---------+-------
      Total |      34 |       0 |   0.0 |      19 |       0 |   0.0
            +---------+---------+-------+---------+---------+-------
        D:1 |      34 |       0 |   0.0 |      19 |       0 |   0.0
            +---------+---------+-------+---------+---------+-------
